Construct Section Command Post
Selects Australian Defense Battlegroup
Selects Australian Light Infantry Section
Australian Light Infantry Section
Australian Light Infantry Section
Construct Platoon Command Post
Selects CMP 15cwt Supply Run
Selects Reinforced Resource Caches
Unlock Bishop Self-propelled Artillery
Bishop Self-propelled Artillery
Construct Company Command Post
Selects Defensive Tactics
Australian Light Infantry Section
Unlock M3 Grant Medium Tanks
Selects Archer Tank Destroyer
Bishop Self-propelled Artillery
Selects Vehicle Over Repair